 Dungeon Crawl Stone Soup version 0.17.1-3-g152610e (webtiles) character file.

68 manyhoops the Slasher (level 4, -3/34 HPs)
             Began as a Demonspawn Gladiator on Apr 24, 2016.
             Slain by Purgy (7 damage)
             ... on level 3 of the Dungeon.
             The game lasted 00:02:52 (1551 turns).

manyhoops the Slasher (Demonspawn Gladiator)        Turns: 1551, Time: 00:02:53

Health: -3/34      AC:  9    Str: 16    XL:     4   Next: 1%
Magic:  4/4        EV: 11    Int: 10    God:
Gold:   126        SH:  0    Dex: 13    Spells: 0 memorised, 3 levels left

rFire  + . .     SeeInvis .     a - +0 long sword
rCold  . . .     Clarity  .     g - +0 ring mail
rNeg   . . .     SustAt   .     (no shield)
rPois  .         Gourm    .     c - +0 helmet
rElec  .         Spirit   .     h - +0 cloak
rCorr  .         Warding  .     (no gloves)
rMut   .         Stasis   +     p - +0 pair of boots
MR     .....                    o - amulet of stasis (curse)
Stlth  +.........               (no ring)
                                (no ring)

@: lethally poisoned (-3 -> -15), flying, not resistant to hostile enchantments,
very unstealthy
A: talons 1, icy blue scales 1, fire resistance 1
a: no special abilities


You were on level 3 of the Dungeon.
You were not hungry.

You visited 1 branch of the dungeon, and saw 3 of its levels.

You collected 126 gold pieces.

Inventory:

Hand Weapons
 a - a +0 long sword (weapon)
Missiles
 d - 3 throwing nets (quivered)
Armour
 b - a +0 leather armour
 c - a +0 helmet (worn)
 g - a +0 ring mail (worn)
 h - a +0 cloak (worn)
 p - a +0 pair of boots (worn)
Jewellery
 o - a cursed amulet of stasis (around neck)
Scrolls
 l - a scroll of magic mapping
 r - a scroll of enchant weapon {unknown}
Comestibles
 e - 2 bread rations
 i - a royal jelly
 m - 3 meat rations
 n - a slice of pizza


   Skills:
 + Level 2.9 Fighting
 + Level 3.8 Long Blades
 - Level 1.7 Throwing
 + Level 0.6 Armour
 - Level 2.6 Dodging


You had 3 spell levels left.
You didn't know any spells.

Dungeon Overview and Level Annotations

Branches:
Dungeon (3/15)

Altars:
Sif Muna

Annotations:
D:2 Sigmund
D:3 Purgy


Innate Abilities, Weirdness & Mutations

You have sharp toenails.
You are partially covered in icy blue scales (AC +1).
Your flesh is heat resistant.


Message History

You feel very buoyant.
You fly up into the air.
* * * LOW HITPOINT WARNING * * *
You feel sick. Purgy bites you but does no damage. Purgy closely misses you.
Purgy barely misses you.
As you read the scroll labeled UWUTUI GOYPUIPN, it crumbles to dust.
It is a scroll of identify.
Identify which item? (\ to view known items) (? for menu, Esc to quit)
l - a scroll of magic mapping
* * * LOW HITPOINT WARNING * * *
You feel sick. Purgy barely misses you. Purgy misses you.
Purgy claws you but does no damage.
As you read the scroll labeled NOTASA BUALITS, it crumbles to dust.
You hear a loud clanging noise!
It was a scroll of noise.
* * * LOW HITPOINT WARNING * * *
You feel sick.
You hear a shout! x2
Purgy bites you!
You die...

#.# #.#####
#.....#
######.###.#
.........#.#
######.#.#.#
#.....#######
#.........T.#
###.#######@# #.#
#.# #.# #.# #.#
#.# ..# #.# ###
#.# ########.#
......##(#
#######...#.######


You could see Purgy.

Vanquished Creatures
  4 adders (D:2)
  An ooze (D:2)
  2 giant geckos (D:1)
  2 ball pythons
  A bat (D:1)
  A giant cockroach (D:2)
  A goblin (D:1)
  7 hobgoblins
  A quokka (D:2)
  2 giant newts
  3 rats
25 creatures vanquished.

Notes
Turn   | Place    | Note
--------------------------------------------------------------
     0 | D:1      | manyhoops the Demonspawn Gladiator began the quest for the Orb.
     0 | D:1      | Reached XP level 1. HP: 16/16 MP: 1/1
   342 | D:1      | Reached skill level 3 in Long Blades
   378 | D:1      | Gained mutation: You have sharp toenails. [demonic ancestry]
   378 | D:1      | Reached XP level 2. HP: 19/22 MP: 2/2
   887 | D:2      | Found a deep blue altar of Sif Muna.
   955 | D:2      | Gained mutation: You are partially covered in icy blue scales (AC +1). [demonic ancestry]
   955 | D:2      | Reached XP level 3. HP: 20/28 MP: 3/3
  1352 | D:2      | Gained mutation: Your flesh is heat resistant. [demonic ancestry]
  1352 | D:2      | Reached XP level 4. HP: 32/34 MP: 4/4
  1421 | D:2      | Noticed Sigmund
  1504 | D:3      | Noticed Purgy
  1551 | D:3      | Slain by Purgy

Action                   |  1- 3 |  4- 6 || total
-------------------------+-------+-------++-------
Melee: Long sword        |    98 |    26 ||   124
  Use: Potion            |       |     3 ||     3
       Scroll            |       |     2 ||     2
  Eat: Chunk             |       |     2 ||     2
